 Dungeon Sprint DCSS version 0.27.0-65-ge2af304b15 (webtiles) character file.

Game seed: 11484555235707743423

289129 ABBCCCDDDD the Slayer (level 13, 145/145 HPs)
             Began as a Minotaur Berserker on Aug 18, 2021.
             Was an Elder of Trog.
             Escaped with the Orb!
             The game lasted 00:22:28 (5031 turns).

ABBCCCDDDD the Slayer (Minotaur Berserker)          Turns: 5031, Time: 00:22:28

Health: 145/145    AC: 39    Str: 25    XL:     13   Next: 45%
Magic:  4/4        EV: 18    Int:  6    God:    Trog [****..]
Gold:   2158       SH: 18    Dex: 21    Spells: 12/12 levels left

rFire    + . .     SeeInvis +   m - +2 broad axe (antimagic)
rCold    + + .     Faith    .   b - +3 kite shield of Mental Paralysis {+Blink}
rNeg     + . .     Spirit   .   a - +10 gold dragon scales "Myrchiru" {rPois rF+ rC+ Regen+ Int+2 Stlth+}
rPois    +         Reflect  .   (helmet restricted)
rElec    .         Harm     .   i - +1 cloak of Starlight {*Dazzle EV+4 Stlth--}
rCorr    .         Rampage  .   y - +1 pair of gloves "Cinud" {rN+}
Will     ++...     NoTele   +   (no boots)
Stlth    ..........             j - amulet of magic regeneration
HPRegen  1.34/turn              v - ring of Oenomania {Will+ Dex+6 SInv Stlth+}
MPRegen  0.34/turn              z - ring of Tomorrow {Fly rC+ Will+ Dex+3 Stlth+}

@: flying
A: horns 2, retaliatory headbutt
0: Orb of Zot
a: Renounce Religion, Evoke Blink, Berserk, Trog's Hand, Brothers in Arms


You escaped.
You worshipped Trog.
Trog was greatly pleased with you.
You visited 1 branch You collected 6239 gold pieces.
You spent 4081 gold pieces at shops.

Inventory:

Hand Weapons
 m - a +2 antimagic broad axe (weapon)
 s - a +3 vorpal broad axe
 w - a +3 broad axe of flaming
Missiles
 p - 3 curare-tipped darts (quivered)
 r - 10 poisoned darts
 t - a throwing net
Armour
 a - the +10 gold dragon scales "Myrchiru" (worn) {rPois rF+ rC+ Regen+ Int+2 Stlth+}
   (You bought it in a shop in the Dungeon)

   Int:       It affects your intelligence (+2).
   rF:        It protects you from fire.
   rC:        It protects you from cold.
   rPois:     It protects you from poison.
   Regen:     It increases your rate of health regeneration.
   Stlth:     It makes you more stealthy.
 b - the +3 kite shield of Mental Paralysis (worn) {+Blink}
   (You bought it in a shop in the Dungeon)

   +Blink:    It lets you blink.
 i - the +1 cloak of Starlight (worn) {*Dazzle EV+4 Stlth--}
   (You bought it in a shop in the Dungeon)

   It may blind those who miss an attack against the wearer in melee combat.
   EV:        It affects your evasion (+4).
   Stlth:     It makes you much less stealthy.
 y - the +1 pair of gloves "Cinud" (worn) {rN+}
   (You found it in the Dungeon)

   rN:        It protects you from negative energy.
Jewellery
 j - an amulet of magic regeneration (around neck)
 v - the ring of Oenomania (left hand) {Will+ Dex+6 SInv Stlth+}
   (You bought it in a shop in the Dungeon)

   [ring of dexterity]

   Dex:       It affects your dexterity (+6).
   SInv:      It lets you see invisible.
   Will:      It increases your willpower.
   Stlth:     It makes you more stealthy.
 z - the ring of Tomorrow (right hand) {Fly rC+ Will+ Dex+3 Stlth+}
   (You bought it in a shop in the Dungeon)

   [ring of willpower]

   Dex:       It affects your dexterity (+3).
   rC:        It protects you from cold.
   Fly:       It grants you flight.
   Will:      It increases your willpower.
   Stlth:     It makes you more stealthy.
Scrolls
 h - a scroll of blinking
 k - 2 scrolls of fog
 n - 3 scrolls of enchant armour
 q - a scroll of silence
 x - a scroll of immolation
Potions
 c - 3 potions of curing
 d - a potion of heal wounds
 f - 2 potions of magic
 g - 2 potions of berserk rage
 u - a potion of cancellation


   Skills:
 + Level 22.0 Fighting
 - Level 18.0 Axes
 + Level 21.9 Armour
 + Level 13.4 Dodging
 - Level 15.0 Shields


You had 12 spell levels left.
You didn't know any spells.
Your spell library was empty.

Dungeon Overview and Level Annotations

Branches:
Dungeon (1/1)

Altars:
Cheibriados
Dithmenos
Elyvilon
Fedhas
Gozag
Hepliaklqana
Kikubaaqudgha
Makhleb
Nemelex Xobeh
Okawaru
Qazlal
Ru
Sif Muna
Trog
Uskayaw
Vehumet
Wu Jian
Xom
Yredelemnul
Zin
The Shining One
Jiyva
Lugonu

Shops:
D [?**=*(=[[([=(([:*

Annotations:
D Tiamat


Innate Abilities, Weirdness & Mutations

You have a pair of horns on your head.
You reflexively headbutt those who attack you in melee.


Message History

The hell beast is heavily wounded.
The hell beast bites you but does no damage.
You block the hell beast's attack.
You slash the hell beast! Your headbutt misses the hell beast.
The hell beast is severely wounded.
The hell beast bites you but does no damage.
You block the hell beast's attack.
You barely miss the hell beast.
The hell beast is severely wounded.
You block the hell beast's attack. The hell beast tramples you!
You are shoved backwards!
The hell beast bites you but does no damage.
The hell beast misses you.
You hit the hell beast. You headbutt the hell beast!
The hell beast is almost dead.
You block the hell beast's attack.
The hell beast tramples you but does no damage.
You slash the hell beast!
You kill the hell beast!
Trog accepts your kill.
Your Fighting skill increases to level 22!
There is an open door here.
You feel the effects of Trog's Hand fading.
There is an open door here.
There is an open door, spattered with blood here.
Things that are here:
a +0 dagger; a +0 robe Your skin stops crawling.
You feel less strong-willed.
There is an open door here.
There is an open door here.
There is an open door here.
Things that are here:
a +2 scythe of pain; a +0 robe
There is an open door here.
There is an open door here.
You see here a +0 giant club.
You see here a +0 club.
There is an open door here.
There is a staircase leading out of the dungeon here.
You have escaped!

##################
#@.#..'..#..'..#__
#..'))#..').#..'..
#..#####'#####'#__
#..####..#...#.###
#..#__####..##.#§§
#..#_____##'#_.§§≈
#⌠⌠#_.∩...'..)§#§§
####_..__##_.#'##'
*,,#_____###'#.#.)


There were no monsters in sight!

Levels and vault maps discovered:
D:        dungeon_sprint_1 [red_sonja_temple_1, red_sonja_temple_small_1]

Notes
Turn   | Place    | Note
-------+----------+-------------------------------------------
     0 | D        | ABBCCCDDDD the Minotaur Berserker began the quest for the
                  | Orb.
     0 | D        | Reached XP level 1. HP: 19/19 MP: 0/0
     1 | D        | Noticed Ijyb
     6 | D        | Killed Ijyb
     7 | D        | Reached skill level 5 in Fighting
     7 | D        | Reached skill level 5 in Axes
     7 | D        | Reached XP level 2. HP: 29/29 MP: 1/1
    85 | D        | Noticed an ogre
    91 | D        | Killed an ogre
    92 | D        | Reached skill level 6 in Fighting
    92 | D        | Reached skill level 5 in Armour
    92 | D        | Reached skill level 5 in Dodging
    92 | D        | Reached XP level 3. HP: 25/38 MP: 2/2
    92 | D        | Reached XP level 4. HP: 30/45 MP: 3/3
   158 | D        | Killed a gargoyle
   256 | D        | Noticed Sigmund
   261 | D        | Killed Sigmund
   261 | D        | Reached ** piety under Trog
   262 | D        | Reached skill level 8 in Fighting
   262 | D        | Reached XP level 5. HP: 53/55 MP: 4/4
   262 | D        | Reached XP level 6. HP: 60/62 MP: 5/5
   373 | D        | Found an ornate altar of the Wu Jian Council.
   373 | D        | Found a shimmering blue altar of Sif Muna.
   375 | D        | Found a radiant altar of Vehumet.
   422 | D        | Found Rykk's Magic Scroll Emporium.
   422 | D        | Found an ancient bone altar of Kikubaaqudgha.
   422 | D        | Found a hazy altar of Hepliaklqana.
   422 | D        | Found a stormy altar of Qazlal.
   422 | D        | Found a hide-covered altar of Uskayaw.
   422 | D        | Found a blossoming altar of Fedhas.
   422 | D        | Found a bloodstained altar of Trog.
   422 | D        | Found an iron altar of Okawaru.
   422 | D        | Found a basalt altar of Yredelemnul.
   422 | D        | Found a glowing golden altar of the Shining One.
   422 | D        | Found a snail-covered altar of Cheibriados.
   422 | D        | Found a sacrificial altar of Ru.
   422 | D        | Found a glowing silver altar of Zin.
   422 | D        | Found a shadowy altar of Dithmenos.
   422 | D        | Found a white marble altar of Elyvilon.
   422 | D        | Noticed a yak
   427 | D        | Killed a yak
   428 | D        | Reached skill level 9 in Fighting
   458 | D        | Found an opulent altar of Gozag.
   475 | D        | Found a sparkling altar of Nemelex Xobeh.
   479 | D        | Bought a scroll of fog for 26 gold pieces
   479 | D        | Bought a scroll of identify for 26 gold pieces
   488 | D        | Noticed a centaur warrior
   494 | D        | Found a burning altar of Makhleb.
   494 | D        | Found a viscous altar of Jiyva.
   494 | D        | Found a shimmering altar of Xom.
   494 | D        | Found a corrupted altar of Lugonu.
   494 | D        | Noticed a slime creature
   501 | D        | Killed a slime creature
   501 | D        | Reached *** piety under Trog
   502 | D        | Reached skill level 10 in Fighting
   502 | D        | Reached skill level 10 in Axes
   502 | D        | Reached XP level 7. HP: 72/72 MP: 6/6
   562 | D        | Noticed a kobold demonologist
   564 | D        | Noticed a kobold demonologist
   568 | D        | Reached skill level 10 in Armour
   572 | D        | Killed a kobold demonologist
   577 | D        | Killed a kobold demonologist
   577 | D        | Reached **** piety under Trog
   578 | D        | Reached skill level 11 in Fighting
   578 | D        | Reached skill level 10 in Dodging
   578 | D        | Reached XP level 8. HP: 82/82 MP: 7/7
   638 | D        | Noticed a centaur warrior
   649 | D        | Killed a centaur warrior
   650 | D        | Reached skill level 12 in Fighting
   653 | D        | Killed a centaur warrior
   654 | D        | Reached skill level 13 in Fighting
   654 | D        | Reached XP level 9. HP: 37/93 MP: 8/8
   956 | D        | Noticed an oklob plant
   968 | D        | Killed an oklob plant
  1044 | D        | Reached ***** piety under Trog
  1191 | D        | Killed an unseen horror
  1202 | D        | Killed an unseen horror
  1203 | D        | Reached skill level 14 in Fighting
  1203 | D        | Reached XP level 10. HP: 103/103 MP: 9/9
  1291 | D        | Paralysed by a floating eye for 4 turns
  1373 | D        | Received a gift from Trog
  1423 | D        | Reached ****** piety under Trog
  1427 | D        | Received a gift from Trog
  1572 | D        | Identified the +5 scimitar of the Gloaming {flame, +Rage
                  | rC- Dex+3}
  1574 | D        | Identified the +0 ring mail of the King of the Hill {rN+
                  | Int+3}
  1599 | D        | Found Lifus's General Store.
  1599 | D        | Found Guxzoam's General Store.
  1599 | D        | Found Budeuxt's Jewellery Boutique.
  1601 | D        | Found Peaw's Assorted Antiques.
  1601 | D        | Found Amupp's Weapon Shop.
  1601 | D        | Found Guhic's Jewellery Shoppe.
  1601 | D        | Found Waf Tay's Antique Armour Boutique.
  1601 | D        | Found Daercheupn's Antique Armour Emporium.
  1601 | D        | Found Ocuwo's Antique Weapon Shop.
  1601 | D        | Found Zaograosk's Armour Shoppe.
  1604 | D        | Found Ymanunnie's Jewellery Boutique.
  1605 | D        | Found Olirphadurgh's Antique Weapon Emporium.
  1605 | D        | Found Bocrim's Antique Weapon Boutique.
  1606 | D        | Found Ennipnip's Book Emporium.
  1621 | D        | Bought a polished kite shield for 190 gold pieces
  1621 | D        | Identified the +3 kite shield of Mental Paralysis {+Blink}
                  | (You bought it in a shop in the Dungeon)
  1625 | D        | Bought the +1 cloak of Starlight {*Dazzle EV+4 Stlth--} for
                  | 427 gold pieces
  1625 | D        | Found the +1 cloak of Starlight {*Dazzle EV+4 Stlth--}
  1625 | D        | Bought a potion of might for 56 gold pieces
  1668 | D        | Bought a scroll of blinking for 97 gold pieces
  1676 | D        | Noticed Sonja
  1682 | D        | Killed Sonja
  1683 | D        | Reached skill level 1 in Shields
  1699 | D        | Noticed a deep troll
  1702 | D        | Killed a deep troll
  1730 | D        | Found Haommom's Armour Emporium.
  1782 | D        | Found Anwacud's Antique Armour Boutique.
  1835 | D        | Reached skill level 15 in Axes
  1836 | D        | Reached skill level 15 in Fighting
  1839 | D        | Received a gift from Trog
  1840 | D        | Reached skill level 15 in Armour
  1961 | D        | Noticed a gargoyle
  1966 | D        | Killed a gargoyle
  1967 | D        | Reached skill level 5 in Shields
  2021 | D        | Noticed a lindwurm
  2028 | D        | Killed a lindwurm
  2161 | D        | Received a gift from Trog
  2173 | D        | Reached XP level 11. HP: 103/114 MP: 10/10
  2189 | D        | Received a gift from Trog
  2190 | D        | Reached skill level 16 in Fighting
  2276 | D        | Killed a lorocyproca
  2815 | D        | Bought the +10 gold dragon scales "Myrchiru" {rPois rF+ rC+
                  | Regen+ Int+2 Stlth+} for 1414 gold pieces
  2918 | D        | Noticed a 12-headed hydra
  2922 | D        | Killed a 13-headed hydra
  2989 | D        | Noticed a shadow dragon
  2990 | D        | Noticed a golden dragon
  3009 | D        | Killed a golden dragon
  3010 | D        | Reached skill level 17 in Fighting
  3010 | D        | Reached skill level 10 in Shields
  3013 | D        | Killed a shadow dragon
  3140 | D        | Found Dilej's Assorted Antiques.
  3147 | D        | Bought a scroll of identify for 40 gold pieces
  3147 | D        | Bought a white potion for 18 gold pieces
  3147 | D        | Bought 3 scrolls labelled UXZONW BUOSEY for 60 gold pieces
  3147 | D        | Bought a scroll labelled ALISAY PUITEB for 20 gold pieces
  3147 | D        | Bought a potion of curing for 60 gold pieces
  3147 | D        | Bought a scroll labelled ALISAY PUITEB for 20 gold pieces
  3147 | D        | Bought a scroll labelled NOCVITUOSM for 20 gold pieces
  3151 | D        | Bought a scroll of identify for 40 gold pieces
  3181 | D        | Noticed a deep elf annihilator
  3191 | D        | Received a gift from Trog
  3312 | D        | Reached XP level 12. HP: 127/127 MP: 11/11
  3316 | D        | Paralysed by a hornet for 3 turns
  3392 | D        | Bought the ring of Oenomania {Will+ Dex+6 SInv Stlth+} for
                  | 1015 gold pieces
  3463 | D        | Noticed a daeva
  3474 | D        | Received a gift from Trog
  3708 | D        | Noticed a fire giant
  3721 | D        | Killed a fire giant
  3722 | D        | Reached skill level 18 in Fighting
  3763 | D        | Noticed a fire giant
  3763 | D        | Noticed a fire giant
  3780 | D        | Killed a fire giant
  3802 | D        | Killed a fire giant
  3802 | D        | Received a gift from Trog
  3824 | D        | Identified the +6 war axe "Enlos" {vorpal, rCorr}
  3824 | D        | Noticed a fire giant
  3834 | D        | Killed a fire giant
  3835 | D        | Reached skill level 19 in Fighting
  4030 | D        | Noticed a mummy priest
  4035 | D        | Killed a deep elf annihilator
  4217 | D        | Noticed the 27-headed Lernaean hydra
  4226 | D        | Killed the 24-headed Lernaean hydra
  4227 | D        | Reached skill level 15 in Shields
  4265 | D        | Noticed a deep elf master archer
  4403 | D        | Identified the +1 pair of gloves "Cinud" {rN+}
  4527 | D        | Bought the ring of Tomorrow {Fly rC+ Will+ Dex+3 Stlth+}
                  | for 552 gold pieces
  4607 | D        | Reached skill level 20 in Fighting
  4607 | D        | Killed a mummy priest
  4608 | D        | Reached XP level 13. HP: 139/139 MP: 4/12
  4663 | D        | Killed a deep elf master archer
  4821 | D        | Noticed Lom Lobon
  4869 | D        | Killed Lom Lobon
  4870 | D        | Reached skill level 21 in Fighting
  4959 | D        | Got the Orb of Zot
  4959 | D        | Found the +4 dragonskin cloak
  4959 | D        | Noticed Tiamat
  5000 | D        | Reached skill level 22 in Fighting
  5031 | D        | Escaped with the Orb!

Table legend: (Time is in decaauts)
 A = Elapsed time spent in this place.
 B = Non-inter-level travel time spent in this place.
 C = Inter-level travel time spent in this place.
 D = Time resting spent in this place.
 E = Time spent auto-exploring this place.
 F = Levels seen in this place.
 G = Mean time per level.
                   A        B        C        D        E       F      G
               +--------+--------+--------+--------+--------+-----+--------+
         Total |   5237 |   4868 |    369 |   3029 |      0 |   1 | 5237.0 |
       Dungeon |   5237 |   4868 |    369 |   3029 |      0 |   1 | 5237.0 |
               +--------+--------+--------+--------+--------+-----+--------+

Top non-repeatable levels by time:
       D: 5237 daAuts

Table legend:
 A = Kills in this place as a percentage of kills in entire the game.
 B = Kills by you in this place as a percentage of kills by you in the entire game.
 C = Kills by friends in this place as a percentage of kills by friends in the entire game.
 D = Other kills in this place as a percentage of other kills in the entire game.
 E = Experience gained in this place as a percentage of experience gained in the entire game.
 F = Experience gained in this place divided by the number of levels of this place that you have seen.
                   A       B       C       D       E      F
               +-------+-------+-------+-------+-------+----------------------
         Total | 100.0 | 100.0 | 100.0 | 100.0 | 100.0 | 50185.0
       Dungeon | 100.0 | 100.0 | 100.0 | 100.0 | 100.0 | 50185.0
               +-------+-------+-------+-------+-------+----------------------

Action                   |  1- 3 |  4- 6 |  7- 9 | 10-12 | 13-15 || total
-------------------------+-------+-------+-------+-------+-------++-------
Melee: Hand axe          |     6 |    17 |    64 |    15 |       ||   102
       Headbutt          |     2 |     5 |    17 |    64 |     9 ||    97
       Broad axe         |       |       |       |   172 |    34 ||   206
       Battleaxe         |       |       |       |    23 |       ||    23
Invok: Berserk           |     2 |     3 |     6 |    14 |     2 ||    27
       Trog's Hand       |       |       |     3 |    13 |     3 ||    19
       Brothers in Arms  |       |       |       |     5 |     2 ||     7
  Use: Scroll            |       |     1 |       |    10 |     1 ||    12
       Potion            |       |       |       |     2 |     3 ||     5
 Stab: Invisible         |       |       |       |     3 |       ||     3
Armor: Ring mail         |       |     2 |    31 |    30 |       ||    63
       Gold dragon scale |       |       |       |    92 |    10 ||   102
Dodge: Dodged            |     2 |     6 |    20 |   136 |     6 ||   170
Block: Kite shield       |       |       |       |   113 |    17 ||   130

Vanquished Creatures
  Lom Lobon (D)
  the Lernaean hydra (D)
  A golden dragon (D)
  A deep elf master archer (D)
  A shadow dragon (D)
  4 fire giants (D)
  A deep elf annihilator (D)
  A lorocyproca (D)
  A mummy priest (D)
  A hell beast (D)
  2 centaur warriors (D)
  A lindwurm (D)
  2 oklob plants (D)
  A merfolk siren (D)
  7 unseen horrors (D)
  A gargoyle (D)
  2 kobold demonologists (D)
  A hellwing (D)
  4 demonic crawlers (D)
  4 hornets (D)
  A slime creature (D)
  Sigmund (D)
  2 redbacks (D)
  A yak (D)
  13 hogs (D)
  2 floating eyes (D)
  7 necrophages (D)
  An ogre (D)
  8 jellies (D)
  Ijyb (D)
75 creatures vanquished.

Vanquished Creatures (collateral kills)
  A hydra (D)
  Sonja (D)
  A deep troll (D)
  A floating eye (D)
4 creatures vanquished.

Vanquished Creatures (others)
  A merfolk siren (D)
  A gargoyle (D)
  A hornet (D)
  3 ball lightnings (D)
  2 ballistomycete spores (D)
8 creatures vanquished.

Grand Total: 87 creatures vanquished
